 Dungeon Crawl Stone Soup version 0.25.0-26-g0c896c7088 (webtiles) character file.

Game seed: 3936036920861959583

64 protoss039 the Gusty (level 3, -1/19 HPs)
             Began as a Deep Elf Air Elementalist on July 3, 2020.
             Slain by a jackal (3 damage)
             ... on level 2 of the Dungeon.
             The game lasted 00:04:02 (1476 turns).

protoss039 the Gusty (Deep Elf Air Elementalist)    Turns: 1476, Time: 00:04:02

Health: -1/19      AC:  2    Str:  5    XL:     3   Next: 91%
Magic:  4/10       EV: 13    Int: 20    God:
Gold:   53         SH:  0    Dex: 15    Spells: 4/10 levels left

rFire    . . .     SeeInvis .   j - +0 dagger (holy)
rCold    . . .     Gourm    .   (no shield)
rNeg     . . .     Faith    .   a - +0 robe
rPois    .         Spirit   .   (no helmet)
rElec    .         Reflect  .   (no cloak)
rCorr    .         Harm     .   (no gloves)
MR       .....                  (no boots)
Stlth    ++........             (no amulet)
HPRegen  0.06/turn              (no ring)
MPRegen  0.12/turn              (no ring)

@: no status effects
A: no striking features
a: no special abilities


You were on level 2 of the Dungeon.
You were not hungry.

You visited 1 branch of the dungeon, and saw 2 of its levels.

You collected 53 gold pieces.

Inventory:

Hand Weapons
 j - a +0 dagger of holy wrath (weapon)
Armour
 a - a +0 robe (worn)
Scrolls
 b - 2 scrolls of identify {unknown}
 e - 4 scrolls of teleportation {unknown}
 g - a scroll of immolation {unknown}
 i - a scroll of amnesia {unknown}
Potions
 d - a potion of might {unknown}
 h - a potion of flight {unknown}
Comestibles
 c - 4 rations
 f - 5 chunks of flesh


   Skills:
 - Level 2.4 Dodging
 - Level 2.4 Stealth
 + Level 4.0 Spellcasting
 + Level 1.9 Conjurations
 + Level 4.1 Air Magic


You had 4 spell levels left.
You knew the following spells:

 Your Spells              Type           Power        Failure   Level  Hunger
a - Shock                 Conj/Air       ###.         3%          1    None
b - Swiftness             Chrm/Air       ##......     9%          2    #......
c - Static Discharge      Conj/Air       ###.....     11%         3    ###....

Your spell library contained the following spells:

 Spells                   Type           Power        Failure   Level  Hunger
 Airstrike                Air            ###.......   24%         4    ####...
 Lightning Bolt           Conj/Air       ###.......   71%         5    ######.


Dungeon Overview and Level Annotations

Branches:
Dungeon (2/15)

Altars:

Annotations:
D:2 Jessica


Message History

* * * LOW HITPOINT WARNING * * *
The quokka closely misses you.
There is a fountain of clear blue water here.
The quokka barely misses you.
Jessica hits the plant with a +0 hand axe.
Unknown command.
Unknown command.
Okay, then.
The jackal closely misses you.
Unknown command.
Jessica very coldly says, "I hate your company."
Unknown command.
The jackal closely misses you.
The jackal bites you but does no damage.
The jackal bites you.
* * * LOW HITPOINT WARNING * * *
Jessica gestures wildly while chanting.
Jessica blinks!
The jackal bites you.
You die...

#.....#.## # #<....# ♣♣♣
####..#.#.# ♣♣.. .. #+
............ ...♣♣♣.♣♣. ♣♣
..#...#.#.## #....♣.♣. ..
.........# ####...♣.P.♣..
..#..##.## #..♣P♣♣♣.♣...♣♣
.##..##.####.♣.P.P♣P.♣♣..♣
.)...##....).P.♣@♣PPP..♣.♣♣§
.....).....#..♣.PhrP♣.....§§
.#########÷###♣.P.♣g.P♣ .#
#.# #.♣♣♣♣♣..♣♣ ♣♣ .#
#.##.#♣.....§P♣.P♣ # .#
#.##. ♣.♣P.8@.♣.♣♣P. .# #.##
♣P....P.♣..P. .. #.#
#..$♣8.⌠.8P.♣ #.#
#.♣.♣P....♣.♣


You could see a quokka, a jackal and a hobgoblin.

Vanquished Creatures
  A gnoll (D:1)
  2 adders (D:2)
  A worm (D:2)
  A dart slug (D:1)
  A leopard gecko (D:1)
  5 bats (D:1)
  A giant cockroach (D:1)
  4 goblins
  5 hobgoblins
  2 quokkas (D:2)
  A frilled lizard (D:1)
  3 kobolds (D:1)
  7 rats
34 creatures vanquished.

Notes
Turn   | Place    | Note
-------+----------+-------------------------------------------
     0 | D:1      | protoss039 the Deep Elf Air Elementalist began the quest
                  | for the Orb.
     0 | D:1      | Reached XP level 1. HP: 10/10 MP: 6/6
     0 | D:1      | Noticed a large abomination
     2 | D:1      | Noticed a large abomination
     4 | D:1      | Noticed an iron dragon
     4 | D:1      | Noticed a large abomination
     6 | D:1      | Noticed an orb of fire
     7 | D:1      | Noticed an orb of fire
     8 | D:1      | Noticed an orb of fire
    11 | D:1      | Noticed a large abomination
    13 | D:1      | Noticed an iron dragon
    14 | D:1      | Noticed an orb of fire
    15 | D:1      | Noticed a shadow dragon
    15 | D:1      | Noticed a white draconian
    17 | D:1      | Noticed an orb of fire
    19 | D:1      | Noticed an iron dragon
   332 | D:1      | Reached XP level 2. HP: 8/15 MP: 4/8
   830 | D:1      | Reached XP level 3. HP: 19/19 MP: 7/10
   882 | D:1      | Learned a level 2 spell: Swiftness
   886 | D:1      | Learned a level 3 spell: Static Discharge
  1461 | D:2      | Noticed Jessica
  1476 | D:2      | Slain by a jackal

Illustrated notes

Levels and vault maps discovered:
D:1:      shiori_arrival_whats_in_store_for_you, layout_basic
D:2:      wad_woods_tower, layout_loops_ring, amethyst_overflow_temple_binary,
          uniq_jessica

Skill      XL: |  1  2  3 |
---------------+----------+-----
Air Magic      | 4 |  4.1
Spellcasting   | 4 |  4.0
Dodging        | |  2.4
Stealth        | |  2.4
Conjurations   | |  1.9

Action                   || total
-------------------------++-------
Melee: Short sword       ||     5
       Unarmed           ||     3
       Dagger            ||     7
 Cast: Shock             ||    73
       Static Discharge  ||     1
  Eat: Chunk             ||     2
Armor: Robe              ||     9
Dodge: Dodged            ||    36
